 Dungeon Crawl Stone Soup version 0.20.1-1-g8b1a95d (webtiles) character file.

12870 Linguinho the Zephyrmancer (level 11, -11/74 HPs)
             Began as a Purple Draconian Air Elementalist on Oct 30, 2017.
             Was a Believer of Ashenzari.
             Mangled by Sonja
             ... wielding a +3 dagger of distortion
              (22 damage)
             ... on level 10 of the Dungeon.
             The game lasted 00:54:14 (13997 turns).

Linguinho the Zephyrmancer (DrAE)                  Turns: 13997, Time: 00:54:16

Health: -11/74     AC: 10    Str: 10    XL:     11   Next: 68%
Magic:  2/25       EV: 14    Int: 20    God:    Ashenzari [**....]
Gold:   200        SH:  9    Dex: 11    Spells: 13/30 levels left

rFire    . . .     SeeInvis .   n - +3 short sword (venom) (curse)
rCold    . . .     Gourm    .   q - +0 buckler (curse)
rNeg     . . .     Faith    .   (armour unavailable)
rPois    .         Spirit   .   (helmet restricted)
rElec    .         Reflect  +   A - +0 cloak (curse)
rCorr    .         Harm     .   D - +0 pair of gloves (curse)
MR       +....     Rnd*Tele +   x - +0 pair of boots (curse)
Stlth    ++........             F - +5 amulet of reflection (curse)
Regen    0.3/turn               c - ring of wizardry (curse)
MPRegen  0.2/turn               M - ring of Wishful Thinking {*Tele +Inv} (curse)

@: lethally poisoned (-11 -> -23), about to teleport, flying, slowed, very slow
A: breathe power, unfitting armour, cold-blooded, AC +7
a: Breathe Dispelling Energy, Curse Item, Scrying, Renounce Religion, Evoke
Invisibility


You were on level 10 of the Dungeon.
You worshipped Ashenzari.
Ashenzari was pleased with you.
You were not hungry.

You visited 2 branches of the dungeon, and saw 11 of its levels.
You also visited: Sewer.

You collected 776 gold pieces.
You spent 576 gold pieces at shops.

Inventory:

Hand Weapons
 n - a cursed +3 short sword of venom (weapon)
Missiles
 C - a steel tomahawk (quivered)
Armour
 e - a +1 pair of gloves
 q - a cursed +0 buckler (worn)
 x - a cursed +0 pair of boots (worn)
 A - a cursed +0 cloak (worn)
 D - a cursed +0 pair of gloves (worn)
Jewellery
 c - a cursed ring of wizardry (left hand)
 o - an uncursed ring of protection from cold
 u - an uncursed ring of resist corrosion
 F - a cursed +5 amulet of reflection (around neck)
 I - an uncursed ring of fire
 M - the cursed ring of Wishful Thinking (right hand) {*Tele +Inv}
   (You bought it in a shop on level 8 of the Dungeon)

   [ring of teleportation]

   It may teleport you next to monsters.
   It lets you turn invisible.
   It has a curse placed upon it.
Wands
 E - a wand of lightning (6/15)
 G - a wand of flame (30/48)
Scrolls
 h - 3 scrolls of recharging
 k - 2 scrolls of magic mapping
 r - a scroll of blinking {unknown}
 v - 2 scrolls of remove curse
 w - 2 scrolls of teleportation
 y - a scroll of immolation {unknown}
 z - 2 scrolls of enchant weapon
 B - a scroll of acquirement {unknown}
 H - 4 scrolls of amnesia
Potions
 g - 5 potions of agility
 i - 3 potions of cancellation
 m - a potion of flight
 p - 2 potions of degeneration {unknown}
 s - 2 potions of might
 t - 2 potions of brilliance
 L - a potion of ambrosia {unknown}
Books
 a - a book of Air

   Spells                             Type                      Level
   a - Shock                          Conjuration/Air              1
   b - Swiftness                      Charms/Air                   2
   c - Static Discharge               Conjuration/Air              3
   d - Airstrike                      Air                          4
   e - Lightning Bolt                 Conjuration/Air              5
 K - a book of Geomancy

   Spells                             Type                      Level
   a - Sandblast                      Earth                        1
   b - Passwall                       Transmutation/Earth          2
   c - Stone Arrow                    Conjuration/Earth            3
   d - Petrify                        Transmutation/Earth          4
   e - Lee's Rapid Deconstruction     Earth                        5
 N - a book of Callings

   Spells                             Type                      Level
   a - Summon Small Mammal            Summoning                    1
   b - Call Imp                       Summoning                    2
   c - Call Canine Familiar           Summoning                    3
   d - Summon Guardian Golem          Hexes/Summoning              3
   e - Summon Lightning Spire         Summoning/Air                4
   f - Summon Ice Beast               Ice/Summoning                4
Comestibles
 b - 4 bread rations
 d - 6 fruits
 f - 2 royal jellies
 j - 9 meat rations
 O - 2 chunks of flesh


   Skills:
 + Level 4.3(6.5) Short Blades
 + Level 4.2(5.6) Dodging
 + Level 2.3(3.5) Stealth
 + Level 2.0(3.1) Shields
 - Level 0.2 Unarmed Combat
 + Level 10.0 Spellcasting
 + Level 5.9(8.2) Conjurations
 + Level 0.7(1.9) Charms
 + Level 0.2(0.8) Transmutations
 * Level 11.6(13.6) Air Magic
 * Level 5.5(7.8) Earth Magic
 * Level 6.2(8.6) Evocations


You had 13 spell levels left.
You knew the following spells:

 Your Spells              Type           Power        Failure   Level  Hunger
a - Shock                 Conj/Air       ####         1%          1    None
b - Swiftness             Chrm/Air       #####...     1%          2    None
c - Static Discharge      Conj/Air       ######..     1%          3    None
d - Airstrike             Air            ######....   1%          4    ##.....
e - Lightning Bolt        Conj/Air       ######....   1%          5    ####...
f - Passwall              Tmut/Erth      ####......   1%          2    None


Dungeon Overview and Level Annotations

Branches:
Dungeon (10/15)            Temple (1/1) D:4            Lair (0/6) D:9
    Orc (0/2) D:9

Altars:
Ashenzari
Cheibriados
Dithmenos
Elyvilon
Fedhas
Gozag
Hepliaklqana
Kikubaaqudgha
Makhleb
Nemelex Xobeh
Okawaru
Qazlal
Ru
Sif Muna
Trog
Uskayaw
Vehumet
Xom
Yredelemnul
Zin
The Shining One

Shops:
D:4 *[}   D:5 (   D:7 *?   D:8 =}(:(

Annotations:
D:10 Sonja


Innate Abilities, Weirdness & Mutations

You can breathe bolts of dispelling energy.
Your rich purple scales are hard. (AC +7)
You cannot fit into any form of body armour.
You are cold-blooded and may be slowed by cold attacks.


Message History

* * * LOW HITPOINT WARNING * * *
You blink.
Unknown command.
Casting: Static Discharge
Confirm with . or Enter, or press ? or * to list all spells.
Aiming: Shock
Press: ? - help, Shift-Dir - straight line
Okay, then.
Okay, then.
Okay, then.
As you read the scroll of fog, it crumbles to dust.
The scroll dissolves into smoke.
You feel sick.
It was a potion of flight.
You feel very buoyant.
You fly up into the air.
You feel sick. Sonja hits you but does no damage. Space bends around you.
* * * LOW HITPOINT WARNING * * *
Sonja barely misses you. You block Sonja's attack. x2
Sonja hits you but does no damage. Space warps horribly around you!
You die...

, *,* #.# , , ,....
#.## #.# *#....
+..#####'#####
#....
#..##........#
#..#*
#..##.÷......#
*#.##
#..##........# , *
#..###§.#####'#####
, #...§§§§#.....#
#...§K@##.##### ,,
#.#(#§§##.# , *
#§#.§§§(..# , ., *
,, * *
#.#..#.####.... , ,
* ..#..(.....K... *
* ,
###.)..####...., *
#.....# * ., * , *
,.)......# * ,
*...###...# * , *


You could see Sonja.

Vanquished Creatures
  7 two-headed ogres
  The ghost of Jazqa the Covert, a novice SpAs of Okawaru (D:9)
  Pikel (D:5)
  A deep elf mage (D:10)
  A gargoyle (D:10)
  A merfolk (D:10)
  A hippogriff (D:7)
  14 yaks
  A wyvern (D:8)
  2 hungry ghosts
  Menkaure (D:6)
  2 hell hounds (D:9)
  2 water moccasins (D:8)
  Purgy (Sewer)
  2 orc warriors
  A sky beast (D:8)
  A black bear (D:10)
  3 phantoms
  3 ogres
  5 centaurs
  A crocodile (D:8)
  2 bullfrogs (D:8)
  A big kobold (D:8)
  A scorpion (D:8)
  4 wights (D:8)
  An electric eel (D:10)
  A howler monkey (D:7)
  4 crimson imps
  A centaur zombie (D:7)
  2 bullfrog zombies
  3 jellies
  A centaur skeleton (D:4)
  2 orc priests (D:8)
  A bullfrog skeleton (D:6)
  8 orc wizards
  6 hounds
  3 iguanas
  4 worker ants
  2 killer bee zombies
  A hound skeleton (D:9)
  2 worker ant zombies
  Robin (D:2)
  11 gnolls
  A howler monkey skeleton (D:4)
  6 adders
  4 shadow imps
  An adder skeleton (D:9)
  5 worms
  A dart slug (D:1)
  5 leopard geckos
  32 orcs
  2 ball pythons
  10 bats
  6 giant cockroaches
  18 goblins
  10 hobgoblins
  5 quokkas
  6 frilled lizards
  A giant cockroach zombie (D:5)
  A jackal skeleton (D:9)
  15 kobolds
  4 rats
247 creatures vanquished.

Vanquished Creatures (others)
  A centaur (D:8)
  An orc wizard (D:8)
  An orc (D:10)
  A plant (D:2)
4 creatures vanquished.

Grand Total: 251 creatures vanquished

Notes
Turn   | Place    | Note
-------+----------+-------------------------------------------
     0 | D:1      | Linguinho the Draconian Air Elementalist began the quest for the Orb.
     0 | D:1      | Reached XP level 1. HP: 14/14 MP: 3/3
   331 | D:1      | Reached XP level 2. HP: 20/20 MP: 1/5
   335 | D:1      | Learned a level 2 spell: Swiftness
  1218 | D:2      | Reached XP level 3. HP: 19/26 MP: 1/6
  1332 | D:2      | Reached skill level 4 in Air Magic
  1879 | D:2      | Noticed Robin
  1905 | D:2      | Reached XP level 4. HP: 30/33 MP: 3/7
  1917 | D:2      | Killed Robin
  2298 | D:3      | Learned a level 3 spell: Static Discharge
  2405 | D:3      | Found a hazy altar of Hepliaklqana.
  2446 | D:3      | Found a glowing silver altar of Zin.
  2931 | D:3      | Found an opulent altar of Gozag.
  3140 | D:3      | Reached XP level 5. HP: 38/38 MP: 6/8
  3460 | D:3      | Found a glowing golden altar of the Shining One.
  3834 | D:4      | Reached skill level 5 in Air Magic
  4078 | D:4      | Found Vearreps's General Store.
  4084 | D:4      | Bought 2 scrolls of remove curse for 60 gold pieces
  4149 | D:4      | Found a staircase to the Ecumenical Temple.
  4289 | Temple   | Entered the Ecumenical Temple
  4308 | Temple   | Became a worshipper of Ashenzari the Shackled
  4413 | D:4      | Found a white marble altar of Elyvilon.
  4417 | D:4      | Found an iron altar of Okawaru.
  4436 | D:4      | Found a deep blue altar of Sif Muna.
  4828 | D:4      | Identified the +10 quarterstaff of Precise Incision {antimagic, *Rage +Rage rN+} (You took it off an orc wizard on level 4 of the Dungeon)
  4861 | D:4      | Found Itwor's Antique Armour Emporium.
  4954 | D:4      | Found Afrinkyri's Gadget Emporium.
  5163 | D:5      | Entered Level 5 of the Dungeon
  5290 | D:5      | Reached XP level 6. HP: 44/45 MP: 2/11
  5452 | D:6      | Found a glowing drain.
  5463 | Sewer    | Entered a sewer
  5548 | Sewer    | Noticed Purgy
  5574 | Sewer    | Killed Purgy
  5574 | Sewer    | Reached skill level 1 in Short Blades
  5904 | D:5      | Reached skill level 6 in Air Magic
  5904 | D:5      | Your scales start taking on a rich purple colour.
  5904 | D:5      | Reached XP level 7. HP: 29/50 MP: 0/13
  6146 | D:5      | Learned a level 4 spell: Airstrike
  6152 | D:5      | Learned a level 5 spell: Lightning Bolt
  6277 | D:5      | Found Leuce's Weapon Shoppe.
  6277 | D:5      | Noticed Pikel
  6417 | D:5      | Killed Pikel
  6417 | D:5      | Reached skill level 5 in Spellcasting
  6417 | D:5      | Reached skill level 7 in Air Magic
  6417 | D:5      | Reached XP level 8. HP: 55/57 MP: 4/16
  6682 | D:6      | Reached * piety under Ashenzari
  6967 | D:6      | Noticed Menkaure
  6972 | D:6      | Killed Menkaure
  7690 | D:7      | Learned a level 2 spell: Passwall
  7803 | D:7      | Reached skill level 8 in Air Magic
  7803 | D:7      | Reached skill level 1 in Evocations
  7879 | D:7      | Reached skill level 1 in Earth Magic
  8012 | D:7      | Reached XP level 9. HP: 62/62 MP: 7/18
  8542 | D:7      | Found Wuimuulu's Magic Scroll Emporium.
  8548 | D:7      | Bought a scroll of enchant weapon for 90 gold pieces
  8548 | D:7      | Bought a scroll of amnesia for 42 gold pieces
  8562 | D:7      | Found Huiwij's General Store.
  8565 | D:7      | Bought a scroll of remove curse for 42 gold pieces
  8565 | D:7      | Bought a +0 pair of gloves for 63 gold pieces
  8785 | D:8      | Found Maumue's Weapon Shoppe.
  8797 | D:8      | Reached ** piety under Ashenzari
  8806 | D:8      | Found Rekhasoe's Jewellery Shoppe.
  8809 | D:8      | Bought the ring of Wishful Thinking {*Tele +Inv} for 279 gold pieces
  9305 | D:8      | Noticed a two-headed ogre
  9326 | D:8      | Killed a two-headed ogre
  9326 | D:8      | Reached skill level 5 in Conjurations
  9326 | D:8      | Reached skill level 9 in Air Magic
  9567 | D:8      | Found Iffesued's Gadget Emporium.
  9862 | D:8      | Reached XP level 10. HP: 69/69 MP: 9/21
 10540 | D:8      | Found Wuroudah's Antique Weapon Shop.
 10596 | D:8      | Found Qisekh's Book Shop.
 10618 | D:8      | Noticed a two-headed ogre
 10666 | D:8      | Killed a two-headed ogre
 10977 | D:8      | Noticed a two-headed ogre
 11104 | D:8      | Killed a two-headed ogre
 11104 | D:8      | Reached skill level 1 in Shields
 11104 | D:8      | Reached skill level 10 in Air Magic
 11385 | D:8      | Noticed a two-headed ogre
 11390 | D:8      | Killed a two-headed ogre
 11390 | D:8      | Reached skill level 5 in Evocations
 11763 | D:9      | Noticed a two-headed ogre
 11771 | D:9      | Killed a two-headed ogre
 11976 | D:9      | Reached XP level 11. HP: 57/74 MP: 4/24
 12287 | D:9      | Noticed a two-headed ogre
 12294 | D:9      | Killed a two-headed ogre
 12303 | D:9      | Noticed Jazqa's ghost (novice SpAs)
 12334 | D:8      | HP: 1/74 [wyvern (12)]
 12543 | D:8      | Reached skill level 11 in Air Magic
 12774 | D:9      | Killed Jazqa's ghost
 12798 | D:9      | Found a staircase to the Orcish Mines.
 12800 | D:9      | Reached skill level 5 in Earth Magic
 12947 | D:9      | Found a staircase to the Lair.
 13340 | D:9      | Found a bloodstained altar of Trog.
 13565 | D:9      | Noticed a two-headed ogre
 13568 | D:9      | Killed a two-headed ogre
 13603 | D:10     | Entered Level 10 of the Dungeon
 13614 | D:10     | Noticed a deep elf mage
 13617 | D:10     | Killed a deep elf mage
 13954 | D:10     | Reached skill level 10 in Spellcasting
 13984 | D:10     | Noticed Sonja
 13997 | D:10     | Mangled by Sonja

Skill      XL: |  1  2  3  4  5  6  7  8  9 10 11 |
---------------+----------------------------------+-----
Dodging        | 2 3 4 |  4.2
Air Magic      | 4 5 6 7 8 9 10 11 | 11.6
Spellcasting   | 3 4 5 6 7 9 10 | 10.0
Conjurations   | 2 3 4 5 |  5.9
Short Blades   | 1 2 3 4 |  4.3
Evocations     | 1 3 5 6 |  6.2
Earth Magic    | 1 3 4 5 |  5.5
Shields        | 1 2 |  2.0
Stealth        | 2 |  2.3
Unarmed Combat | |  0.2
Charms         | |  0.7
Transmutations | |  0.2

Action                   |  1- 3 |  4- 6 |  7- 9 | 10-12 || total
-------------------------+-------+-------+-------+-------++-------
Melee: Unarmed           |    14 |       |       |       ||    14
       Tailslap          |     5 |       |     4 |     7 ||    16
       Short sword       |    47 |    47 |    42 |   109 ||   245
 Cast: Shock             |    64 |   160 |   192 |   121 ||   537
       Static Discharge  |       |     3 |     5 |    32 ||    40
       Airstrike         |       |       |    18 |    34 ||    52
       Swiftness         |       |       |     1 |       ||     1
       Lightning Bolt    |       |       |     9 |    27 ||    36
       Passwall          |       |       |     1 |     4 ||     5
Invok: Curse Item        |       |     2 |     5 |       ||     7
       Scrying           |       |       |     1 |     1 ||     2
 Abil: Breathe Dispellin |       |       |       |     1 ||     1
       Evoke Invisibilit |       |       |       |     1 ||     1
  Use: Scroll            |       |     8 |     9 |     2 ||    19
       Potion            |       |       |     1 |     6 ||     7
 Stab: Sleeping          |       |       |       |     3 ||     3
  Eat: Chunk             |     3 |    11 |     8 |    15 ||    37
       Fruit             |       |     2 |     4 |     3 ||     9
       Bread ration      |       |       |     1 |       ||     1
       Royal jelly       |       |       |     1 |       ||     1
       Meat ration       |       |       |       |     1 ||     1
Armor: Skin              |    31 |    41 |    31 |    30 ||   133
Dodge: Dodged            |    50 |    67 |    86 |    81 ||   284
Block: Buckler           |       |       |     8 |    58 ||    66
       Other             |       |       |     3 |       ||     3
       Reflection        |       |       |     2 |     4 ||     6
